 Dungeon Sprint DCSS version 0.26-a0-660-gc07710193c (webtiles) character file.

Game seed: 9345199313828933750

2272 mhtbhm the Earth Mage (level 9, -4/45 HPs)
             Began as a Gargoyle Earth Elementalist on Oct 6, 2020.
             Was a Priest of Vehumet.
             Shot with an arrow by a centaur warrior (17 damage)
             ... in the Dungeon (Sprint III: "The Ten Rune Challenge").
             The game lasted 00:04:21 (1093 turns).

mhtbhm the Earth Mage (Gargoyle Earth Elementalist) Turns: 1093, Time: 00:04:21

Health: -4/45      AC:  9    Str: 12    XL:     9   Next: 38%
Magic:  9/25       EV: 15    Int: 19    God:    Vehumet [***...]
Gold:   18         SH:  0    Dex: 10    Spells: 18/33 levels left

rFire    . . .     SeeInvis .   a - +4 quarterstaff (chaos)
rCold    . . .     Faith    .   (shield currently unavailable)
rNeg     + . .     Spirit   .   c - +0 robe
rPois    ∞         Reflect  .   (no helmet)
rElec    +         Harm     .   (no cloak)
rCorr    .         Rampage  .   (no gloves)
MR       .....     NoTele   +   r - +0 pair of boots
Stlth    ++........             (no amulet)
HPRegen  0.15/turn              (no ring)
MPRegen  0.19/turn              (no ring)

@: no status effects
A: fangs 1, repulsion field 1, negative energy resistance 1, electricity
resistance, unbreathing, petrification resistance, rot immunity, AC +6
a: Renounce Religion


You were in the Dungeon.
You worshipped Vehumet.
Vehumet was most pleased with you.
You visited 1 branch You collected 18 gold pieces.

Inventory:

Hand Weapons
 a - a +4 quarterstaff of chaos (weapon)
Missiles
 b - 8 stones (quivered)
Armour
 c - a +0 robe (worn)
 j - a +0 cloak
 r - a +0 pair of boots (worn)
Wands
 s - a wand of iceblast (11)
Scrolls
 i - a scroll of blinking
 k - 2 scrolls of immolation {unknown}
 l - 2 scrolls of identify {unknown}
 m - 3 scrolls of remove curse
Potions
 d - 2 potions of curing
 e - 3 potions of heal wounds
 f - a potion of haste
 g - 2 potions of magic
 h - 2 potions of berserk rage
 n - a potion of brilliance {unknown}
 o - 2 potions of flight
 p - 4 potions of mutation
 q - a potion of might
Miscellaneous
 t - a tin of tremorstones (3/3)


   Skills:
   Level 0.3 Maces & Flails
 + Level 4.3 Dodging
 - Level 4.5 Stealth
 + Level 12.5 Spellcasting
 + Level 2.3 Conjurations
 + Level 1.5 Transmutations
 + Level 16.3 Earth Magic


You had 18 spell levels left.
You knew the following spells:

 Your Spells              Type           Power        Failure   Level
a - Sandblast             Erth           ######       0%          1
b - Passwall              Tmut/Erth      #####...     1%          2
c - Stone Arrow           Conj/Erth      #####.       1%          3
d - Lee's Rapid Deconstr  Erth           ######....   1%          5
e - Petrify               Tmut/Erth      #####...     1%          4

Your spell library contained the following spells:

 Spells                   Type           Power        Failure   Level
 Mephitic Cloud           Conj/Pois/Air  ##......     3%          3
 Animate Skeleton         Necr           ##....       6%          1
 Apportation              Tloc           ##....       6%          1
 Corona                   Hex            ##.....      6%          1
 Summon Small Mammal      Summ           ##..         6%          1
 Confusing Touch          Hex            ##......     17%         3
 Gell's Gravitas          Tloc           ##........   17%         3
 Yara's Violent Unravell  Hex/Tmut       ##........   28%         5
 Metabolic Englaciation   Hex/Ice        ##........   85%         5


Dungeon Overview and Level Annotations

Branches:
Dungeon (1/1)

Altars:
Cheibriados
Dithmenos
Elyvilon
Fedhas
Gozag
Hepliaklqana
Kikubaaqudgha
Makhleb
Nemelex Xobeh
Okawaru
Qazlal
Ru
Sif Muna
Trog
Uskayaw
Vehumet
Wu Jian
Xom
Yredelemnul
Zin
The Shining One
Beogh
Jiyva
Lugonu


Innate Abilities, Weirdness & Mutations

You are resistant to torment.
Your stone body is resilient. (AC +6)
You are immune to poison.
You resist negative energy. (rN+)
You are resistant to electric shocks. (rElec)
You can survive without breathing.
You are immune to petrification.
You are immune to rotting.
You have very sharp teeth.
You are surrounded by a mild repulsion field. (EV +2)


Message History

Press: ? - help, Dir - move target cursor, f/p - centaur warrior Fragment what (e.g. wall or brittle monster)?: a centaur warrior, wielding a +0 shortbow and quivering 17 arrows (moderately wounded)
An open door.
The stone door frame shatters!
The blast of rock fragments hits the centaur warrior!!
The centaur warrior is heavily wounded.
The centaur warrior shoots an arrow.
The arrow hits you!!
* * * LOW HITPOINT WARNING * * *
Unknown command.
Casting: Lee's Rapid Deconstruction (safe; 1% risk of failure)
Confirm with . or Enter, or press ? or * to list all spells.
Aiming: Lee's Rapid Deconstruction (safe; 1% risk of failure)
Press: ? - help, Dir - move target cursor, f/p - centaur warrior Fragment what (e.g. wall or brittle monster)?: a centaur warrior, wielding a +0 shortbow and quivering 16 arrows (heavily wounded)
An open door.
The stone door frame shatters!
The blast of rock fragments hits the centaur warrior but does no damage.
The centaur warrior is heavily wounded.
The centaur warrior shoots an arrow.
The arrow hits you!
You die...

#__)#._# #'###'##
.......# .).....#
######'#
#__#...#+#############
#__#...#§.)≈§'.#.c...+
#__#...#.#§≈§#.#)#...#
#__#...'.#§§§#§#@# ..#
#__'...#.#§§§#.(.# .#
▓▓▓▓▓▓▓▓▓▓▓▓▓▓▓▓▓▓ #


You could see a centaur warrior.

Vanquished Creatures
  Josephine (D)
  A deep elf mage (D)
  A shadow (D)
  A spatial vortex (D)
  A necrophage (D)
  2 centaurs (D)
  An earth elemental (D)
  A water elemental (D)
  A jelly (D)
  Crazy Yiuf (D)
  Jessica (D)
  A wizard (D)
  A necromancer (D)
  3 humans (D)
  A kobold demonologist (D)
  An ooze (D)
  2 rats (D)
21 creatures vanquished.

Notes
Turn   | Place    | Note
-------+----------+-------------------------------------------
     0 | D        | mhtbhm the Gargoyle Earth Elementalist began the quest for
                  | the Orb.
     0 | D        | Reached XP level 1. HP: 10/10 MP: 3/3
    11 | D        | Reached skill level 4 in Earth Magic
    55 | D        | Noticed Jessica
    59 | D        | Killed Jessica
    59 | D        | Reached skill level 6 in Earth Magic
    59 | D        | Reached XP level 2. HP: 15/15 MP: 0/6
    59 | D        | Reached XP level 3. HP: 19/19 MP: 0/7
   159 | D        | Reached skill level 7 in Earth Magic
   272 | D        | Noticed Crazy Yiuf
   274 | D        | Killed Crazy Yiuf
   274 | D        | Reached XP level 4. HP: 24/24 MP: 7/10
   304 | D        | Learned a level 2 spell: Passwall
   308 | D        | Learned a level 3 spell: Stone Arrow
   314 | D        | Gained mutation: Scrolls take you a little longer to read.
                  | [potion of mutation]
   314 | D        | Gained mutation: You are resistant to hostile enchantments.
                  | (MR+) [potion of mutation]
   314 | D        | Gained mutation: Your flesh is heat resistant. (rF+)
                  | [potion of mutation]
   315 | D        | Lost mutation: Scrolls take you a little longer to read.
                  | [potion of mutation]
   315 | D        | Lost mutation: Your flesh is heat resistant. (rF+) [potion
                  | of mutation]
   315 | D        | Lost mutation: You are resistant to hostile enchantments.
                  | (MR+) [potion of mutation]
   315 | D        | Gained mutation: You have very sharp teeth. [potion of
                  | mutation]
   315 | D        | Gained mutation: You are surrounded by a mild repulsion
                  | field. (EV +2) [potion of mutation]
   319 | D        | Noticed a water elemental
   323 | D        | Killed a water elemental
   323 | D        | Reached skill level 5 in Spellcasting
   323 | D        | Reached skill level 9 in Earth Magic
   323 | D        | Reached XP level 5. HP: 27/28 MP: 4/12
   388 | D        | Learned a level 5 spell: Lee's Rapid Deconstruction
   391 | D        | Found a radiant altar of Vehumet.
   391 | D        | Found a shimmering blue altar of Sif Muna.
   391 | D        | Found an ancient bone altar of Kikubaaqudgha.
   394 | D        | Reached skill level 1 in Transmutations
   394 | D        | Reached skill level 10 in Earth Magic
   399 | D        | Became a worshipper of Vehumet
   483 | D        | Learned a level 4 spell: Petrify
   534 | D        | Found a glowing silver altar of Zin.
   534 | D        | Found a glowing golden altar of the Shining One.
   534 | D        | Found a white marble altar of Elyvilon.
   534 | D        | Noticed a deep elf mage
   538 | D        | Killed a deep elf mage
   538 | D        | Reached skill level 1 in Conjurations
   538 | D        | Reached skill level 12 in Earth Magic
   538 | D        | Reached XP level 6. HP: 32/32 MP: 2/18
   538 | D        | Reached XP level 7. HP: 36/36 MP: 2/19
   655 | D        | Found a hide-covered altar of Uskayaw.
   655 | D        | Found a roughly hewn altar of Beogh.
   655 | D        | Found an iron altar of Okawaru.
   655 | D        | Found a bloodstained altar of Trog.
   655 | D        | Found an ornate altar of the Wu Jian Council.
   655 | D        | Noticed a human
   655 | D        | Noticed a human
   657 | D        | Killed a human
   657 | D        | Reached skill level 13 in Earth Magic
   658 | D        | Killed a human
   658 | D        | Reached * piety under Vehumet
   658 | D        | Offered knowledge of Magic Dart by Vehumet.
   658 | D        | Reached skill level 10 in Spellcasting
   658 | D        | Reached XP level 8. HP: 41/41 MP: 8/22
   737 | D        | Found a basalt altar of Yredelemnul.
   737 | D        | Found a shadowy altar of Dithmenos.
   737 | D        | Found a sacrificial altar of Ru.
   738 | D        | Reached skill level 14 in Earth Magic
   761 | D        | Noticed a shadow
   764 | D        | Killed a shadow
   764 | D        | Reached ** piety under Vehumet
   850 | D        | Found a blossoming altar of Fedhas.
   850 | D        | Found a stormy altar of Qazlal.
   850 | D        | Found a snail-covered altar of Cheibriados.
   850 | D        | Found a burning altar of Makhleb.
   850 | D        | Found a shimmering altar of Xom.
   851 | D        | Found a hazy altar of Hepliaklqana.
   851 | D        | Found an opulent altar of Gozag.
   851 | D        | Found a sparkling altar of Nemelex Xobeh.
   851 | D        | Found a corrupted altar of Lugonu.
   851 | D        | Found a viscous altar of Jiyva.
   854 | D        | Offered knowledge of Foxfire by Vehumet.
   920 | D        | Noticed Josephine
   927 | D        | Killed Josephine
   927 | D        | Reached skill level 16 in Earth Magic
   927 | D        | Reached XP level 9. HP: 45/45 MP: 6/25
  1030 | D        | Offered knowledge of Mephitic Cloud by Vehumet.
  1030 | D        | Reached *** piety under Vehumet
  1090 | D        | Noticed a centaur warrior
  1093 | D        | Shot with an arrow by a centaur warrior

Illustrated notes

Levels and vault maps discovered:
D:        dungeon_sprint_mu [sprint_mu_entry_cave, sprint_mu_temple_rooms,
          sprint_mu_d1_horrors, sprint_mu_d2_genie, sprint_mu_d3_branching,
          sprint_mu_orc_legion, sprint_mu_elf_gauntlet, sprint_mu_hive_nellie,
          sprint_mu_lair_fedhas, sprint_mu_vaults_butterflies,
          sprint_mu_slime_circle, sprint_mu_swamp_cave, sprint_mu_shoals_kraken,
          sprint_mu_blade_basic, sprint_mu_crypt_lich, sprint_mu_tomb_spiral,
          sprint_mu_vestibule_basic, sprint_mu_gehenna_hellfire,
          sprint_mu_dis_giant, sprint_mu_tartarus_statrot,
          sprint_mu_cocytus_islands, sprint_mu_zot1]

Skill      XL: |  1  2  3  4  5  6  7  8 |
---------------+-------------------------+-----
Earth Magic    | 6 7 9 12 13 16 | 16.3
Dodging        | 2 3 4 |  4.3
Stealth        | 3 4 |  4.5
Spellcasting   | 3 4 5 9 10 12 | 12.5
Transmutations | 1 |  1.5
Conjurations   | 1 2 |  2.3
Maces & Flails | |  0.3

Action                   |  1- 3 |  4- 6 |  7- 9 || total
-------------------------+-------+-------+-------++-------
Melee: Whip              |     3 |       |       ||     3
 Cast: Sandblast         |    16 |     4 |     2 ||    22
       Stone Arrow       |       |     1 |     1 ||     2
       Lee's Rapid Decon |       |     4 |    17 ||    21
  Use: Potion            |       |     2 |       ||     2
Armor: Robe              |     3 |       |       ||     3
Dodge: Dodged            |     5 |     1 |     1 ||     7

Table legend: (Time is in decaauts)
 A = Elapsed time spent in this place.
 B = Non-inter-level travel time spent in this place.
 C = Inter-level travel time spent in this place.
 D = Time resting spent in this place.
 E = Time spent auto-exploring this place.
 F = Levels seen in this place.
 G = Mean time per level.
                   A        B        C        D        E       F      G
               +--------+--------+--------+--------+--------+-----+--------+
         Total |   1099 |   1099 |      0 |    761 |     27 |   1 | 1099.0 |
       Dungeon |   1099 |   1099 |      0 |    761 |     27 |   1 | 1099.0 |
               +--------+--------+--------+--------+--------+-----+--------+

Top non-repeatable levels by time:
       D: 1099 daAuts
